 Dungeon Crawl Stone Soup version 0.24.0-2-g5b39cebb1c (webtiles) character file.

Game seed: 4151827496814650264, levelgen mode: deterministic

1025832 DavidChitty2 the Conqueror (level 27, -15/179 HPs)
             Began as a Gargoyle Fighter on Oct 28, 2019.
             Was the Champion of the Shining One.
             Killed from afar by a Hell Sentinel (48 damage)
             ... with damnation
             ... on level 7 of the Iron City of Dis on Oct 29, 2019.
             The game lasted 04:12:36 (101327 turns).

DavidChitty2 the Conqueror (Gargoyle Fighter)     Turns: 101327, Time: 04:12:37

Health: -15/179    AC: 75    Str: 28    XL:     27
Magic:  12/36      EV: 19    Int: 16    God:    the Shining One [******]
Gold:   8040       SH: 38    Dex: 12    Spells: 23/40 levels left

rFire    + + .     SeeInvis .   a - +6 eveningstar of Gin and Tonic {holy, rElec rC+}
rCold    + + .     Gourm    .   U - +8 large shield {AC+3}
rNeg     + + +     Faith    .   s - +12 crystal plate armour of Henotheism {rF+}
rPois    ∞         Spirit   .   Q - +2 hat {MR+}
rElec    +         Reflect  .   V - +2 cloak {MR+}
rCorr    +         Harm     .   I - +0 pair of fencer's gloves {Riposte Dex+3}
MR       ++++.     Rnd*Rage +   H - +2 pair of boots {run}
Stlth    ..........             T - amulet "Gyoco" {rF+ rC+ Regen+ Stlth+}
HPRegen  0.79/turn              q - ring of Attitude {Wiz *Corrode Str+4 Slay+2 Stlth+, =R}
MPRegen  0.25/turn              c - ring of resist corrosion

@: berserk cooldown, flying, slowed, glowing, very slow
A: big wings, fangs 1, repulsion field 1, icy blue scales 1, large bone plates
1, berserk 1, blurry vision 1, deformed body, frail 1, low mp 1, negative energy
resistance 1, sense surroundings 1, screaming 1, shaggy fur 1, electricity
resistance, weak 1, unbreathing, petrification resistance, rot immunity, subdued
magic 1, AC +20
}: 7/15 runes: barnacled, slimy, silver, obsidian, bone, abyssal, gossamer
a: Stop Flying, Divine Shield, Cleansing Flame, Summon Divine Warrior, Renounce
Religion


You were on level 7 of the Iron City of Dis.
You worshipped the Shining One.
The Shining One was exalted by your worship.
You were not hungry.

You visited 16 branches of the dungeon, and saw 80 of its levels.
You visited the Abyss 1 time.
You visited 2 bazaars.
You visited 1 ziggurat, and saw 11 of its levels.
You also visited: Wizlab.

You collected 11267 gold pieces.
You spent 3227 gold pieces at shops.

Inventory:

Hand Weapons
 a - the +6 eveningstar of Gin and Tonic (weapon) {holy, rElec rC+}
   (Okawaru gifted it to you on level 7 of a ziggurat)

   It has been blessed by the Shining One to cause great damage to the undead
   and demons.
   It protects you from cold.
   It insulates you from electricity.
 b - a +7 hand crossbow of holy wrath
   (Okawaru gifted it to you on level 4 of the Spider Nest)
Missiles
 p - 8 throwing nets (quivered) {!f}
 E - 1104 bolts
Armour
 s - the +12 crystal plate armour of Henotheism (worn) {rF+}
   (Okawaru gifted it to you on level 3 of the Vaults)

   It protects you from fire.
 H - a +2 pair of boots of running (worn)
   (You found it on level 6 of a ziggurat)
 I - the +0 pair of fencer's gloves (worn) {Riposte Dex+3}
   (Okawaru gifted it to you on level 5 of the Vaults)

   It affects your dexterity (+3).
 Q - a +2 hat of magic resistance (worn)
   (You took it off Gastronok on level 1 of the Orcish Mines)
 U - a +8 large shield of protection (worn)
   (Okawaru gifted it to you on level 13 of the Dungeon)
 V - a +2 cloak of magic resistance (worn)
   (You took it off a draconian monk on level 5 of the Depths)
Magical Staves
 w - an uncursed staff of wizardry {!a}
   (You found it on level 10 of a ziggurat)
Jewellery
 c - a ring of resist corrosion (right hand)
   (You found it on level 9 of a ziggurat)
 i - an uncursed ring of protection from fire
   (You found it on level 1 of the Dungeon)
 l - an uncursed ring of protection from magic
   (You found it on level 7 of Tartarus)
 o - an uncursed ring of protection from cold
   (You found it on level 10 of the Dungeon)
 q - the ring of Attitude (left hand) {Wiz *Corrode Str+4 Slay+2 Stlth+, =R}
   (You acquired it on level 2 of the Depths)

   [ring of wizardry]

   It improves your spell success rate.
   It affects your strength (+4).
   It affects your accuracy and damage with ranged weapons and melee attacks
   (+2).
   It may corrode you when you take damage.
   It makes you more stealthy.
 z - an uncursed ring of see invisible
   (You acquired it on level 5 of the Vaults)
 T - the amulet "Gyoco" (around neck) {rF+ rC+ Regen+ Stlth+}
   (You acquired it on level 4 of a ziggurat)

   [amulet of regeneration]

   It protects you from fire.
   It protects you from cold.
   It increases your rate of regeneration.
   It makes you more stealthy.
Wands
 d - a wand of iceblast (51)
   (You found it on level 5 of the Lair of Beasts)
 t - a wand of flame (111)
   (You took it off an orc on level 13 of the Dungeon)
 u - a wand of paralysis (46)
   (You found it on level 3 of the Dungeon)
 v - a wand of digging (9)
   (You found it on level 3 of the Depths)
 x - a wand of acid (24)
   (You took it off Maurice on level 11 of the Dungeon)
Scrolls
 h - 31 scrolls of remove curse {@r2}
 j - 5 scrolls of immolation {!r}
 r - 7 scrolls of magic mapping
 B - 2 scrolls of summoning
 C - 5 scrolls of fear
 D - 2 scrolls of blinking
 F - 25 scrolls of teleportation {@r4}
 G - 33 scrolls of identify {@r1}
 L - 8 scrolls of fog
 P - a scroll of torment {unknown}
 R - a scroll of acquirement
Potions
 f - 20 potions of curing {@q1}
 g - 11 potions of brilliance
 k - 7 potions of ambrosia
 m - 3 potions of cancellation
 A - 5 potions of agility
 J - 2 potions of haste {@q3}
 K - 5 potions of might
 M - 5 potions of resistance
 N - 2 potions of heal wounds {@q2}
 Y - 2 potions of magic
Miscellaneous
 y - a phantom mirror
Comestibles
 e - 43 rations {!d}
 n - 6 chunks of flesh


   Skills:
 O Level 27 Fighting
 - Level 16.0 Maces & Flails
 - Level 10.0 Crossbows
 O Level 27 Armour
 * Level 20.6 Dodging
 - Level 25.0 Shields
 - Level 7.0 Spellcasting
 + Level 9.5 Hexes
 + Level 13.3 Charms
 + Level 5.9 Translocations
 + Level 12.9 Air Magic
 O Level 27 Invocations


You had 23 spell levels left.
You knew the following spells:

 Your Spells              Type           Power        Failure   Level  Hunger
b - Blink                 Tloc           N/A          3%          2    None
c - Apportation           Tloc           ###...       1%          1    None
d - Portal Projectile     Hex/Tloc       ###...       2%          3    ##.....
g - Silence               Hex/Air        ####......   6%          5    #####..
r - Deflect Missiles      Chrm/Air       #####.....   16%         6    #######

Your spell library contained the following spells:

 Spells                   Type           Power        Failure   Level  Hunger
 Confusing Touch          Hex            ####..       1%          1    None
 Corona                   Hex            ####...      1%          1    None
 Infusion                 Chrm           ####         1%          1    None
 Shroud of Golubria       Chrm/Tloc      ####..       1%          2    None
 Slow                     Hex            ####....     1%          2    None
 Song of Slaying          Chrm           #####...     1%          2    None
 Confuse                  Hex            ####....     1%          3    ##.....
 Spectral Weapon          Hex/Chrm       ####....     1%          3    ##.....
 Tukima's Dance           Hex            ####....     1%          3    ##.....
 Airstrike                Air            #####.....   1%          4    ####...
 Poisonous Vapours        Pois/Air       ###...       2%          2    None
 Ozocubu's Armour         Chrm/Ice       ###.....     4%          3    ##.....
 Regeneration             Chrm/Necr      ###.......   4%          3    ##.....
 Cause Fear               Hex            ####......   4%          4    ####...
 Ensorcelled Hibernation  Hex/Ice        ###...       5%          2    None
 Static Discharge         Conj/Air       ###.....     5%          3    ##.....
 Gell's Gravitas          Tloc           ###.......   6%          3    ##.....
 Dazzling Spray           Conj/Hex       ###...       11%         3    ##.....
 Inner Flame              Hex/Fire       ###.....     11%         3    ##.....
 Mephitic Cloud           Conj/Pois/Air  ##......     13%         3    ##.....
 Recall                   Summ/Tloc      N/A          22%         3    ##.....
 Animate Skeleton         Necr           N/A          24%         1    None
 Beastly Appendage        Tmut           #.....       24%         1    None
 Flame Tongue             Conj/Fire      #....        24%         1    None
 Freeze                   Ice            #...         24%         1    None
 Magic Dart               Conj           #...         24%         1    None
 Pain                     Necr           #...         24%         1    None
 Sting                    Conj/Pois      #...         24%         1    None
 Summon Butterflies       Summ           #.......     24%         1    None
 Summon Small Mammal      Summ           #...         24%         1    None
 Fulminant Prism          Conj/Hex       ###.......   32%         4    ####...
 Leda's Liquefaction      Hex/Erth       ###.......   32%         4    ####...
 Call Imp                 Summ           #.......     34%         2    None
 Corpse Rot               Necr           N/A          34%         2    None
 Passwall                 Tmut/Erth      #.......     34%         2    None
 Searing Ray              Conj           #.....       34%         2    None
 Sticks to Snakes         Tmut           #.......     34%         2    None
 Throw Flame              Conj/Fire      #.....       34%         2    None
 Throw Frost              Conj/Ice       #.....       34%         2    None
 Excruciating Wounds      Chrm/Necr      ###.......   38%         5    #####..
 Lightning Bolt           Conj/Air       ###.......   43%         5    #####..
 Call Canine Familiar     Summ           #.......     58%         3    ##.....
 Conjure Flame            Conj/Fire      #.......     58%         3    ##.....
 Spider Form              Tmut/Pois      #.........   58%         3    ##.....
 Stone Arrow              Conj/Erth      #.....       58%         3    ##.....
 Vampiric Draining        Necr           #.........   58%         3    ##.....
 Force Lance              Conj/Tloc      ##......     58%         4    ####...
 Darkness                 Hex            ####......   58%         6    #######
 Metabolic Englaciation   Hex/Ice        ###.......   65%         5    #####..
 Summon Mana Viper        Hex/Summ       ###.....     65%         5    #####..
 Yara's Violent Unravell  Hex/Tmut       ###.......   65%         5    #####..
 Summon Forest            Summ/Tloc      ##........   89%         5    #####..
 Animate Dead             Necr           N/A          92%         4    ####...
 Ice Form                 Ice/Tmut       #.......     92%         4    ####...
 Iskenderun's Mystic Bla  Conj           #.......     92%         4    ####...
 Olgreb's Toxic Radiance  Pois           #.......     92%         4    ####...
 Petrify                  Tmut/Erth      #.......     92%         4    ####...
 Summon Ice Beast         Ice/Summ       #.......     92%         4    ####...
 Throw Icicle             Conj/Ice       #.......     92%         4    ####...
 Conjure Ball Lightning   Conj/Air       ###.......   94%         6    #######
 Dispersal                Tloc           ###.......   96%         6    #######
 Agony                    Necr           #.......     99%         5    #####..
 Aura of Abjuration       Summ           #.........   99%         5    #####..
 Blade Hands              Tmut           #.........   99%         5    #####..
 Bolt of Draining         Conj/Necr      #.........   99%         5    #####..
 Borgnjor's Vile Clutch   Necr/Erth      #.........   99%         5    #####..
 Dispel Undead            Necr           #.......     99%         5    #####..
 Irradiate                Conj/Tmut      #.........   99%         5    #####..
 Lee's Rapid Deconstruct  Erth           #.........   99%         5    #####..
 Summon Demon             Summ           #.........   99%         5    #####..
 Venom Bolt               Conj/Pois      #.........   99%         5    #####..
 Freezing Cloud           Conj/Ice/Air   ##........   99%         6    #######
 Bolt of Cold             Conj/Ice       #.........   100%        6    #######
 Bolt of Fire             Conj/Fire      #.........   100%        6    #######
 Death Channel            Necr           #.........   100%        6    #######
 Hydra Form               Tmut           #.........   100%        6    #######
 Iron Shot                Conj/Erth      #.........   100%        6    #######
 Ozocubu's Refrigeration  Ice            #.........   100%        6    #######
 Poison Arrow             Conj/Pois      #.........   100%        6    #######
 Shadow Creatures         Summ           N/A          100%        6    #######
 Simulacrum               Ice/Necr       #.........   100%        6    #######
 Dragon Form              Tmut           #.........   100%        7    #######
 Haunt                    Necr/Summ      #.........   100%        7    #######
 Malign Gateway           Summ/Tloc      ##........   100%        7    #######
 Monstrous Menagerie      Summ           #.........   100%        7    #######
 Ring of Flames           Chrm/Fire      ###.......   100%        7    #######
 Summon Greater Demon     Summ           #.........   100%        7    #######
 Summon Hydra             Summ           #.........   100%        7    #######
 Borgnjor's Revivificati  Necr           #.........   100%        8    #######
 Chain Lightning          Conj/Air       ###.......   100%        8    #######
 Controlled Blink         Tloc           N/A          100%        8    #######
 Death's Door             Chrm/Necr      ###.......   100%        8    #######
 Discord                  Hex            ####......   100%        8    #######
 Disjunction              Tloc           ###.......   100%        8    #######
 Ignition                 Fire           #.........   100%        8    #######
 Infestation              Necr           #.........   100%        8    #######
 Lehudib's Crystal Spear  Conj/Erth      #.........   100%        8    #######
 Necromutation            Tmut/Necr      #.........   100%        8    #######
 Summon Horrible Things   Summ           #.........   100%        8    #######
 Dragon's Call            Summ           #.........   100%        9    #######
 Fire Storm               Conj/Fire      #.........   100%        9    #######
 Glaciate                 Conj/Ice       #.........   100%        9    #######
 Shatter                  Erth           #.........   100%        9    #######
 Tornado                  Air            #####.....   100%        9    #######
 Sublimation of Blood     Necr           Unusable     N/A         2    N/A
 Statue Form              Tmut/Erth      Unusable     N/A         6    N/A

Dungeon Overview and Level Annotations

Branches:
Dungeon (15/15)            Temple (1/1) D:5            Lair (6/6) D:9
 Shoals (4/4) Lair:4       Spider (4/4) Lair:4        Slime (5/5) Lair:6
    Orc (2/2) D:9             Elf (3/3) Orc:2        Vaults (5/5) D:14
  Crypt (3/3) Vaults:3       Tomb (0/3) Crypt:3      Depths (5/5) D:15
   Hell (visited)             Dis (7/7) Hell            Geh (7/7) Hell
    Coc (0/7) Hell            Tar (7/7) Hell            Zot (5/5) Depths:5
 WizLab (visited)

Altars:
Ashenzari
Cheibriados
Dithmenos
Elyvilon
Fedhas
Gozag
Hepliaklqana
Kikubaaqudgha
Makhleb
Nemelex Xobeh
Okawaru
Qazlal
Ru
Sif Muna
Trog
Uskayaw
Vehumet
Wu Jian
Xom
Yredelemnul
Zin
The Shining One
Beogh

Shops:
D:5 *   Orc:2 %([(   Elf:1 (   Elf:2 (   Vaults:3 (   Vaults:5 ?}[?

Portals:
Hell: Depths:1 Depths:2 Depths:3 Depths:5
Abyss: Depths:2 Depths:4 Depths:5
Pandemonium: Depths:3 Depths:4

Annotations:
Slime:5 Dissolution
Elf:3 3 runed translucent doors, Kyerol's ghost, adept TeSu
Dis:7 Dispater


Innate Abilities, Weirdness & Mutations

You are resistant to torment.
Your stone body is resilient. (AC +20)
You are immune to poison.
Your large and strong wings let you fly indefinitely.
You resist negative energy. (rN+)
You are resistant to electric shocks. (rElec)
You can survive without breathing.
You are immune to petrification.
You are immune to rotting.
You have very sharp teeth.
You are surrounded by a mild repulsion field. (EV +2)
You are partially covered in icy blue scales. (AC +2)
You are partially covered in large bone plates. (SH +4)
You tend to lose your temper in combat.
Scrolls take you a little longer to read.
Armour fits poorly on your strangely shaped body.
You are frail. (-10% HP)
Your magical capacity is low. (-10% MP)
You passively map a small area around you.
You occasionally shout uncontrollably at your foes.
You are covered in fur. (AC +1)
You are weak. (Str -2)
Your spells are a little easier to cast, but a little less powerful.


Message History

The Hell Sentinel gestures at you.
The sphere of damnation explodes!
The damnation engulfs you!!
* * * LOW HITPOINT WARNING * * *
The damnation engulfs your angel!! The damnation engulfs your daeva!!!
The damnation engulfs the Hell Sentinel.
The Hell Sentinel completely resists.
Your daeva hits the Hell Sentinel with a +5 scimitar of holy wrath!
The Hell Sentinel convulses!
Your daeva hits the Hell Sentinel with a +5 scimitar of holy wrath.
The Hell Sentinel convulses.
You feel much better.
Your angel hits the Hell Sentinel but does no damage. x2
Your daeva blocks the Hell Sentinel's attack.
The Hell Sentinel hits your daeva.
Your angel gestures.
Your angel is healed somewhat.
Your daeva calls down the wrath of the Shining One upon the Hell Sentinel.
The Hell Sentinel is smitten.
You puncture the Hell Sentinel!
The Hell Sentinel convulses.
You bite the Hell Sentinel, but do no damage.
Your angel hits the Hell Sentinel but does no damage. x2
The Hell Sentinel hits your angel but does no damage.
The Hell Sentinel closely misses your angel.
Your daeva hits the Hell Sentinel but does no damage. x2
Dispater gestures.
Your angel hits the Hell Sentinel but does no damage.
Your angel barely misses the Hell Sentinel.
You are struck by the Hell Sentinel's spines.
* * * LOW HITPOINT WARNING * * *
You puncture the Hell Sentinel!
The Hell Sentinel convulses.
You bite the Hell Sentinel, but do no damage.
The Hell Sentinel gestures at you. You block the iron shot.
Your angel is struck by the Hell Sentinel's spines.
Your angel hits the Hell Sentinel with a +2 sacred scourge of holy wrath!
The Hell Sentinel convulses!
Your angel hits the Hell Sentinel but does no damage.
The flayed ghost misses your angel. Dispater gestures at you.
The crystal spear misses your angel.
Your daeva hits the Hell Sentinel with a +5 scimitar of holy wrath.
The Hell Sentinel convulses.
Your daeva hits the Hell Sentinel with a +5 scimitar of holy wrath!
The Hell Sentinel convulses.
The cacodemon gestures at you.
Your angel twists and deforms.
The Hell Sentinel gestures at your daeva.
The sphere of damnation explodes!
The damnation engulfs your daeva!!! The damnation engulfs you!!!
You die...

***,,,,,,........******,,+.......
*#.,,,*''#....#* ***#.8.8...
#.,,**..##...##########.......
#..,+,,[.2...'........'.......
#...+,,,.&2..'........'.......
#...#*,,##...##########.......
##....#++#...W## ***#...8...
**#.....)......A1#####*,,+.......
,,.......).....A@....#*,,+......#
,,................)...#,,#.....##
,,.....######.........#,,#...###*
,,....** ##........#++*****,,,
,,...,* #........#,,*,,,*,,,
,,..,,* #........#,,*,,,*,,,
,,.,,,* #........#,,*,,,+,,,
,,,,,********##.......#,,*,,,+,,,
******,,*,,*,,*******************


You could see Dispater, a Hell Sentinel, 2 cacodemons, a flayed ghost, a
friendly daeva and a friendly angel.

Vanquished Creatures
  Asmodeus (Geh:7)
  Ereshkigal (Tar:7)
  6 ancient liches
  2 orbs of fire (Zot:5)
  Mara (Shoals:3)
  2 juggernauts
  Bai Suzhen (Elf:3)
  Boris (twice) (Vaults:5 Crypt:1)
  Geryon (Hell)
  11 Killer Klowns
  A curse toe (Zot:2)
  A caustic shrike (Depths:3)
  13 golden dragons
  5 pandemonium lords
  10 bone dragons
  10 doom hounds
  5 electric golems
  27 Tzitzimimeh
  Arachne (Spider:2)
  7 iron giants
  16 Brimstone Fiends
  18 tentacled monstrosities
  8 Hell Sentinels
  A hellephant (Abyss:2)
  2 Ice Fiends
  21 Orb Guardians (Zot:5)
  15 liches
  17 titans
  The ghost of Sianeop the Warrior, an adept GrFi of Cheibriados (Vaults:1)
  8 deep elf master archers
  6 quicksilver dragons
  28 acid blobs
  5 deep elf blademasters
  2 Executioners
  9 ancient champions
  18 tentacled starspawn
  Polyphemus (Shoals:2)
  An eldritch tentacle (Dis:7)
  Gastronok (Orc:1)
  11 sphinxes
  11 death cobs
  7 tengu reavers
  13 storm dragons
  Kirke (Shoals:2)
  11 draconian monks
  18 shadow dragons
  9 azure jellies
  Donald (Spider:2)
  21 frost giants
  Ilsuiw (Shoals:4)
  25 fire giants
  A frost giant (shapeshifter) (Zig:9)
  Louise (Depths:4)
  8 revenants
  The ghost of Gohat the Executioner, a journeyman HOBe of Trog (Spider:2)
  22 balrugs
  7 draconian knights
  11 draconian shifters
  9 ghost moths
  6 emperor scorpions
  8 iron dragons
  7 draconian scorchers
  5 deep elf elementalists
  11 deep elf sorcerers
  12 vault wardens
  4 ghouls (Crypt:1)
  2 cacodemons (Dis:7)
  4 draconian stormcallers
  10 draconian annihilators
  40 reapers
  2 orc warlords (Orc:2)
  4 curse skulls
  17 ironheart preservers
  13 war gargoyles
  27 very ugly things
  An ophan (Abyss:3)
  A juggernaut skeleton (D:15)
  A caustic shrike skeleton (Depths:2)
  38 stone giants
  3 entropy weavers
  15 green draconians
  7 vampire knights
  11 deep elf annihilators
  12 deep elf demonologists
  38 starcursed masses
  An orange crystal statue (WizLab)
  A lorocyproca (Zot:5)
  10 purple draconians
  11 red draconians
  10 black draconians
  2 pale draconians (Depths:5)
  19 white draconians
  16 yellow draconians
  4 spark wasps
  14 ettins
  Snorg (Lair:5)
  7 death oozes
  39 small abominations
  13 deep elf death magi
  3 jiangshi
  8 fire dragons
  6 eidola
  4 crystal guardians
  6 quicksilver dragon zombies
  Josephine (D:11)
  7 merfolk impalers
  3 green deaths
  13 yaktaur captains
  7 blizzard demons
  11 merfolk javelineers
  5 rakshasas
  13 great orbs of eyes
  3 quicksilver dragon skeletons
  A hydra (shapeshifter) (Zig:9)
  14 ice dragons
  10 hydras
  A naga warrior (Zig:5)
  34 vault guards
  An anaconda (Zig:5)
  5 deep elf high priests
  2 catoblepae
  11 merfolk aquamancers
  2 merfolk avatars
  2 ghost crabs
  2 spriggan air magi (Depths:3)
  A hell beast (Depths:5)
  A spectral fire giant (Crypt:3)
  2 death knights
  23 dancing weapons
  5 alligator snapping turtles
  21 two-headed ogres
  5 centaur warriors
  2 tengu warriors (Depths:2)
  An alligator (shapeshifter) (Vaults:3)
  9 vampire magi
  9 ogre magi
  37 hell hogs
  4 satyrs
  11 deep troll shamans
  9 titan zombies
  3 orc high priests (Orc:2)
  2 shock serpents (shapeshifter)
  8 death yaks
  2 naga sharpshooters (Zig:5)
  12 deep troll earth magi
  23 thrashing horrors
  4 spriggan berserkers
  31 deep elf knights
  Sonja (D:13)
  12 soul eaters
  4 storm dragon zombies
  10 spatial maelstroms
  6 sixfirhies
  29 sun demons
  7 iron golems
  105 skeletal warriors
  A fire crab (Lair:6)
  19 wretched stars
  3 salamander mystics
  85 hell knights
  6 iron trolls
  27 shadow wraiths
  5 titan skeletons
  3 golden dragon zombies
  A fire crab (shapeshifter) (Depths:1)
  18 sea snakes
  A death drake (Abyss:1)
  2 ghost moth zombies
  14 shadow demons
  4 unseen horrors
  29 deep trolls
  5 anaconda zombies
  17 flayed ghosts
  3 swamp dragons (Depths:5)
  2 golden dragon skeletons
  3 wizards
  22 deep elf archers
  A lindwurm (Lair:5)
  27 necromancers
  11 glowing orange brains
  7 anaconda skeletons
  82 deep elf magi
  23 ironbrand convokers
  2 spectral wolf spiders
  12 orc knights
  2 iron dragon zombies
  18 harpies
  32 phantasmal warriors
  6 wolf spider zombies
  4 shadow dragon zombies
  20 orb spiders
  11 stone giant zombies
  2 tengu skeletons
  2 moths of wrath (shapeshifter)
  4 fire giant zombies
  9 frost giant zombies
  11 salamanders
  2 shadow dragon skeletons (Geh:7)
  24 wolf spiders
  A sphinx skeleton (D:15)
  9 cyclopes
  A cyclops (shapeshifter) (Vaults:1)
  5 orc sorcerers
  18 fauns
  17 ugly things
  7 shining eyes
  4 iron dragon skeletons
  3 worldbinders (Abyss:3)
  Maurice (D:11)
  6 dire elephant zombies
  19 manticores
  A titan simulacrum (Abyss:3)
  6 stone giant skeletons
  13 vault sentinels
  5 elephants
  29 moths of wrath
  7 black mambas
  4 fire giant skeletons
  15 merfolk sirens
  6 frost giant skeletons
  7 apocalypse crabs
  6 torpor snails
  12 rust devils
  10 water nymphs
  A black mamba (shapeshifter) (Vaults:5)
  2 guardian serpents (Abyss:2)
  A shock serpent zombie (Tar:1)
  An alligator snapping turtle zombie (Crypt:3)
  A shock serpent skeleton (Dis:7)
  12 molten gargoyles
  31 smoke demons
  2 gargoyles
  3 dire elephant skeletons
  38 large abominations
  3 eyes of devastation
  9 spiny frogs
  2 centaur skeletons
  A spiny frog (shapeshifter) (D:14)
  An eye of devastation (shapeshifter) (Vaults:1)
  16 demonic crawlers
  6 orange demons
  A rime drake (shapeshifter) (Vaults:5)
  25 freezing wraiths
  15 rime drakes
  An emperor scorpion zombie (Geh:5)
  31 hellions
  A spectral redback (Spider:2)
  9 ice devils
  A redback zombie (Crypt:1)
  A minotaur skeleton (Crypt:3)
  9 komodo dragons
  A purple draconian zombie (Tar:7)
  A yaktaur zombie (Depths:1)
  60 yaktaurs
  A spriggan zombie (D:15)
  A ghost moth simulacrum (Tar:3)
  9 efreet
  6 silent spectres
  8 trolls
  A white draconian skeleton (Crypt:1)
  A catoblepas zombie (Dis:1)
  2 spectral moths of wrath (Spider:2)
  18 ancient zymes
  15 tormentors
  2 harpy zombies
  3 catoblepas skeletons
  35 red devils
  3 tengu conjurers
  8 hydra zombies
  7 meliai
  60 jumping spiders
  2 meliai (shapeshifter)
  2 queen bees
  A raiju (shapeshifter) (Depths:4)
  38 merfolk
  5 polar bears (Lair:6)
  A wolf spider simulacrum (Spider:2)
  20 blink frogs
  A death drake zombie (Crypt:3)
  11 hornets
  8 wind drakes
  56 slime creatures
  3 harpy skeletons
  11 dream sheep
  5 ettin zombies
  A spectral tarantella (Spider:2)
  A hippogriff (shapeshifter) (Depths:3)
  A blink frog (shapeshifter) (Vaults:5)
  4 hydra skeletons
  19 raiju
  17 hippogriffs
  3 ice dragon zombies
  16 snapping turtles
  7 fire dragon zombies
  A spriggan (Depths:5)
  2 ice dragon skeletons
  83 redbacks
  4 alligator zombies
  134 flying skulls
  A stone giant simulacrum (Hell)
  A redback (shapeshifter) (Vaults:5)
  6 ettin skeletons
  A spriggan (shapeshifter) (Vaults:3)
  3 alligator skeletons
  8 fire bats
  A human (D:7)
  38 shadows
  25 tarantellas
  24 water elementals
  38 wraiths
  16 ynoxinuls
  7 air elementals
  17 yaks
  6 fire dragon skeletons
  A black mamba skeleton (Geh:7)
  10 wyverns
  3 hogs (D:7)
  26 fire elementals
  2 humans (shapeshifter) (Depths:4)
  5 basilisks
  5 golden eyes (Abyss:3)
  14 steam dragons
  2 hogs (shapeshifter)
  14 hungry ghosts
  8 neqoxecs
  Grum (D:11)
  11 chaos spawn
  6 insubstantial wisps (Abyss:3)
  A naga (Zig:5)
  2 nagas (shapeshifter)
  3 human zombies
  A monstrous demonspawn zombie (Crypt:3)
  A soldier ant (D:14)
  4 wargs
  2 spiny frog zombies
  A hydra simulacrum (Abyss:3)
  10 spatial vortices
  A spectral snapping turtle (Crypt:3)
  2 floating eyes
  58 hell hounds
  14 water moccasins
  A human skeleton (Zig:6)
  2 tarantella simulacra (Spider:2)
  3 porcupines
  A swamp dragon zombie (Geh:1)
  A sky beast (shapeshifter) (Elf:3)
  2 ice beasts
  3 manticore zombies
  A spiny frog skeleton (Geh:5)
  45 orc warriors
  4 ettin simulacra
  9 phantoms
  5 sky beasts
  3 snapping turtle zombies
  4 eyes of draining
  A lindwurm zombie (Crypt:3)
  31 necrophages
  6 wolves
  An elephant zombie (Crypt:2)
  4 boggarts (Depths:3)
  A torpor snail zombie (Crypt:2)
  32 ogres
  8 snapping turtle skeletons
  30 centaurs
  A manticore skeleton (Geh:4)
  2 swamp dragon skeletons
  An elf zombie (Crypt:1)
  9 crocodiles
  6 big kobolds
  2 gnoll sergeants
  13 bullfrogs
  A draconian zombie (Crypt:1)
  An orb spider simulacrum (Spider:2)
  10 earth elementals
  A spiny frog simulacrum (Hell)
  A yaktaur skeleton (Crypt:3)
  A glowing shapeshifter simulacrum (Vaults:2)
  2 wyvern skeletons
  A hornet simulacrum (Spider:2)
  9 scorpions
  32 killer bees
  A troll skeleton (Geh:7)
  48 wights
  9 howler monkeys
  9 jellies
  A spectral centaur (Crypt:3)
  A centaur zombie (D:8)
  18 crimson imps
  A bullfrog zombie (D:9)
  A demonspawn zombie (Crypt:2)
  6 quasits
  5 bullfrog skeletons
  31 orc priests
  30 orc wizards
  8 hounds
  20 iron imps
  3 iguanas
  3 hell rats (Hell)
  10 worker ants
  2 naga zombies
  A crocodile zombie (Crypt:3)
  A big kobold skeleton (Crypt:2)
  A dwarf skeleton (Crypt:1)
  A naga skeleton (Geh:4)
  A hound skeleton (D:7)
  6 mummies
  4 worker ant zombies
  Robin (D:3)
  8 gnolls
  A howler monkey skeleton (D:4)
  21 adders
  24 shadow imps
  10 white imps
  4 ufetubi
  4 oozes (D:8)
  3 adder skeletons
  7 worms
  A barachi zombie (Crypt:1)
  9 leopard geckos
  153 orcs
  10 bats
  5 giant cockroaches
  13 goblins
  2 hobgoblins
  12 jackals
  4 quokkas
  2 ball pythons
  6 frilled lizards
  24 kobolds
  A leopard gecko skeleton (D:6)
  A quokka zombie (D:9)
  3 rats
  3 crawling corpses
  A lurking horror (Abyss:3)
  2 plants (Shoals:4)
  18 starspawn tentacles
4479 creatures vanquished.

Vanquished Creatures (collateral kills)
  the Royal Jelly (Slime:5)
  4 Orb Guardians (Zot:5)
  3 Brimstone Fiends (Geh:7)
  2 acid blobs (Slime:5)
  A frost giant (Geh:1)
  2 balrugs (Geh:7)
  A draconian shifter (Geh:1)
  A cacodemon (Zig:7)
  An ironheart preserver (Vaults:5)
  5 reapers
  A war gargoyle (Dis:7)
  A blood saint (Zig:7)
  A black draconian (Geh:1)
  A blizzard demon (Zig:7)
  A quicksilver dragon skeleton (Geh:7)
  3 hell hogs (Geh:1)
  7 hell knights
  2 storm dragon zombies
  An iron golem (Dis:7)
  3 iron trolls (Dis:7)
  3 sun demons (Geh:7)
  A golden dragon skeleton (Geh:7)
  A phantasmal warrior (Geh:7)
  A frost giant zombie (Geh:7)
  A shadow dragon skeleton (Geh:7)
  2 fire giant zombies (Geh:1)
  A stone giant zombie (Dis:7)
  A rust devil (Dis:7)
  A frost giant skeleton (Geh:1)
  A stone giant skeleton (Geh:2)
  2 molten gargoyles (Geh:7)
  An orange demon (Zig:7)
  A hellion (Geh:7)
  2 efreet
  3 tormentors (Dis:7)
  6 red devils
  A harpy zombie (Geh:7)
  A harpy skeleton (Geh:7)
  2 ice dragon zombies
  5 flying skulls
  A shadow (Geh:1)
  5 wraiths
  2 fire elementals
  2 hell hounds (Geh:7)
  A snapping turtle zombie (Geh:7)
  2 necrophages
  A phantom (Geh:2)
  11 wights
  2 iron imps (Dis:7)
  An orc (D:10)
107 creatures vanquished.

Vanquished Creatures (others)
  A draconian stormcaller (Zot:2)
  A frost giant (Geh:1)
  3 hell hogs
  A thrashing horror (Abyss:3)
  A soul eater (Tar:4)
  A hell knight (Geh:4)
  A deep elf mage (Elf:3)
  A faun (Shoals:2)
  A meliai (D:14)
  A jumping spider (Spider:4)
  A blink frog (Lair:5)
  A flying skull (Geh:7)
  A dire elephant simulacrum (Hell)
  A tarantella (Spider:4)
  A shock serpent simulacrum (Hell)
  3 humans (Shoals:2)
  A chaos spawn (Zig:8)
  A soldier ant (shapeshifter) (Vaults:5)
  An orc wizard (Vaults:5)
  2 iron imps (Dis:7)
  A hell rat (Hell)
  A white imp (Abyss:3)
  A ball lightning (Zot:3)
  An orc (Vaults:5)
  18 fungi
  3 lurking horrors
  19 plants
  40 starspawn tentacles
  4 tentacles (Abyss:3)
  6 toadstools (D:8)
  4 withered plants (D:15)
123 creatures vanquished.

Grand Total: 4709 creatures vanquished

Notes
Turn   | Place    | Note
-------+----------+-------------------------------------------
     0 | D:1      | DavidChitty2 the Gargoyle Fighter began the quest for the
                  | Orb.
     0 | D:1      | Reached XP level 1. HP: 14/14 MP: 1/1
   202 | D:1      | Reached XP level 2. HP: 19/19 MP: 2/2
  1062 | D:2      | Reached XP level 3. HP: 23/23 MP: 3/3
  1322 | D:2      | Found an ornate altar of the Wu Jian Council.
  1325 | D:2      | Found a transporter.
  1545 | D:2      | Found a transporter.
  1789 | D:3      | Noticed Robin
  1799 | D:3      | Killed Robin
  1799 | D:3      | Reached XP level 4. HP: 29/29 MP: 4/4
  2363 | D:3      | Reached XP level 5. HP: 31/33 MP: 5/5
  2994 | D:4      | Reached XP level 6. HP: 22/38 MP: 6/6
  3233 | D:4      | Noticed a phantom
  3264 | D:4      | Killed a phantom
  3264 | D:4      | Reached XP level 7. HP: 44/44 MP: 7/7
  3600 | D:5      | Entered Level 5 of the Dungeon
  3626 | D:5      | Found a burning altar of Makhleb.
  3639 | D:5      | Reached skill level 5 in Maces & Flails
  3775 | D:4      | Reached skill level 5 in Shields
  3777 | D:4      | Reached skill level 5 in Armour
  3791 | D:5      | Reached skill level 5 in Fighting
  4021 | D:5      | Found a shimmering altar of Xom.
  4023 | D:5      | Found a white marble altar of Elyvilon.
  4023 | D:5      | Found a shimmering altar of Xom.
  4025 | D:5      | Found a burning altar of Makhleb.
  4025 | D:5      | Found an ancient bone altar of Kikubaaqudgha.
  4025 | D:5      | Found a glowing silver altar of Zin.
  4025 | D:5      | You fall into a shaft and drop 1 floor!
  4049 | D:6      | Reached XP level 8. HP: 46/49 MP: 8/8
  4245 | D:6      | Found a sacrificial altar of Ru.
  4437 | D:5      | Found a staircase to the Ecumenical Temple.
  4449 | Temple   | Entered the Ecumenical Temple
  4694 | Temple   | Became a worshipper of Warmaster Okawaru
  4821 | D:5      | Found Coninug's Commerce Corner.
  4840 | D:5      | Bought a +0 cloak for 49 gold pieces
  4992 | D:5      | Reached skill level 1 in Invocations
  5114 | D:6      | Found a shimmering blue altar of Sif Muna.
  5114 | D:6      | Found a shimmering altar of Xom.
  5654 | D:7      | Reached XP level 9. HP: 52/55 MP: 10/10
  5659 | D:7      | Reached * piety under Okawaru
  6108 | D:7      | Reached ** piety under Okawaru
  6461 | D:7      | Found a blossoming altar of Fedhas.
  6727 | D:8      | Reached XP level 10. HP: 63/63 MP: 12/12
  6859 | D:8      | Found a hazy altar of Hepliaklqana.
  6871 | D:8      | Identified the +1 leather armour of Tes Utio {Dex+3}
  7309 | D:8      | Reached *** piety under Okawaru
  7341 | D:8      | Found a white marble altar of Elyvilon.
  7352 | D:8      | Found a sacrificial altar of Ru.
  7935 | D:9      | Found a staircase to the Lair.
  7973 | D:9      | Reached skill level 5 in Invocations
  8089 | D:9      | Reached **** piety under Okawaru
  8381 | D:9      | Found a staircase to the Orcish Mines.
  8403 | D:9      | Received a gift from Okawaru
  8517 | D:9      | Reached skill level 10 in Maces & Flails
  8536 | D:9      | Reached XP level 11. HP: 69/69 MP: 15/15
  9036 | D:10     | Entered Level 10 of the Dungeon
  9075 | D:10     | You fall into a shaft and drop 2 floors!
  9109 | D:12     | Reached ***** piety under Okawaru
  9340 | D:12     | Found the +8 longbow "Zephyr" {speed, Dex+3 SInv}
  9364 | D:12     | Got a sapphire war axe
  9454 | D:12     | Found a flickering gateway to a bazaar.
  9470 | Bazaar   | Entered a bazaar
  9474 | Bazaar   | Found Xolec's Jewellery Boutique.
  9492 | Bazaar   | Found Hagilich's Antique Armour Emporium.
  9509 | Bazaar   | Found Xelyaded's Magic Scroll Boutique.
  9526 | Bazaar   | Found Vuacwi's Antique Weapon Shoppe.
  9563 | Bazaar   | Bought a warped helmet for 323 gold pieces
  9578 | Bazaar   | Bought a scroll of identify for 34 gold pieces
  9578 | Bazaar   | Bought a scroll of identify for 34 gold pieces
  9578 | Bazaar   | Bought a scroll of teleportation for 51 gold pieces
  9632 | D:12     | Identified the +1 helmet of Pyz Gih {rPois MP+9 Str-2
                  | Stlth+} (You bought it in a shop in a bazaar)
  9638 | D:12     | Identified the +8 war axe of Spite {chop, rPois Str+6 Int+6
                  | Dex-2} (You found it on level 12 of the Dungeon)
  9661 | D:11     | Noticed Maurice
  9699 | D:11     | Killed Maurice
  9942 | D:11     | Noticed Josephine
  9981 | D:11     | Killed Josephine
  9981 | D:11     | Received a gift from Okawaru
  9982 | D:11     | Got a translucent demon whip {god gift}
 10040 | D:11     | Identified the +3 demon whip "Qatierhe" {freeze, rC+ Int+5}
                  | (Okawaru gifted it to you on level 11 of the Dungeon)
 10231 | D:10     | Found a blossoming altar of Fedhas.
 10760 | D:10     | Noticed a cyclops
 10820 | D:10     | Killed a cyclops
 11111 | Lair:1   | Entered Level 1 of the Lair of Beasts
 11144 | Lair:1   | Reached XP level 12. HP: 67/76 MP: 17/17
 11855 | Lair:2   | Noticed a six-headed hydra
 11869 | Lair:2   | Killed a six-headed hydra
 11869 | Lair:2   | Received a gift from Okawaru
 11886 | Lair:2   | Identified the Incunabulum of Snow and the Blaze
 12698 | Lair:3   | Noticed a four-headed hydra
 12702 | Lair:3   | Killed a four-headed hydra
 13433 | Lair:4   | Noticed a death yak
 13442 | Lair:4   | Noticed a death yak
 13442 | Lair:4   | Noticed a death yak
 13447 | Lair:4   | Noticed a death yak
 13457 | Lair:4   | Killed a death yak
 13469 | Lair:4   | Killed a death yak
 13469 | Lair:4   | Reached skill level 10 in Shields
 13476 | Lair:4   | Killed a death yak
 13476 | Lair:4   | Reached skill level 10 in Fighting
 13476 | Lair:4   | Reached skill level 10 in Armour
 13485 | Lair:4   | Killed a death yak
 13485 | Lair:4   | Received a gift from Okawaru
 13886 | Lair:4   | Found a hole to the Spider Nest.
 13994 | Lair:4   | Got a crude plate armour
 14011 | Lair:4   | Identified the +2 plate armour of the Midnight Sun {MR+
                  | Int+3 Dex+2} (You found it on level 4 of the Lair of
                  | Beasts)
 14155 | Lair:4   | Received a gift from Okawaru
 14192 | Lair:4   | Reached XP level 13. HP: 84/84 MP: 19/19
 14470 | Lair:4   | Reached ****** piety under Okawaru
 14475 | Lair:4   | Found a staircase to the Shoals.
 15048 | Lair:5   | Received a gift from Okawaru
 15049 | Lair:5   | Got a pair of fine boots {god gift}
 15064 | Lair:5   | Identified the +2 pair of boots "Damnable Contraption"
                  | {Int+4} (Okawaru gifted it to you on level 5 of the Lair of
                  | Beasts)
 15156 | Lair:5   | Noticed Snorg
 15179 | Lair:5   | Killed Snorg
 16218 | Lair:5   | Got a pitted demon trident
 16267 | Lair:5   | Identified the +6 demon trident of the Coward {pain, MR+
                  | Dex+4} (You found it on level 5 of the Lair of Beasts)
 16271 | Lair:6   | Entered Level 6 of the Lair of Beasts
 16289 | Lair:6   | Gained mutation: Your large and strong wings let you fly
                  | indefinitely. [Gargoyle growth]
 16289 | Lair:6   | Reached XP level 14. HP: 92/92 MP: 20/20
 16518 | Lair:6   | Received a gift from Okawaru
 17449 | Lair:6   | Found a staircase to the Slime Pits.
 17979 | D:11     | Noticed Grum
 17991 | D:11     | Killed Grum
 18452 | D:12     | Found a burning altar of Makhleb.
 18452 | D:12     | Noticed a balrug
 19245 | D:13     | Found a large runed translucent door.
 19245 | D:13     | Found a large runed translucent door.
 19291 | D:13     | Noticed Sonja
 19307 | D:13     | Killed Sonja
 19307 | D:13     | Received a gift from Okawaru
 19588 | D:13     | Got a creamy pearl robe
 19882 | D:14     | Reached skill level 15 in Shields
 19980 | D:14     | Reached XP level 15. HP: 99/99 MP: 21/21
 20469 | D:14     | Found a gate to the Vaults.
 20687 | D:15     | Entered Level 15 of the Dungeon
 21477 | D:14     | Received a gift from Okawaru
 21478 | D:14     | Got an encrusted double sword {god gift}
 22103 | D:15     | Got a twisted flail
 22104 | D:15     | Identified the cursed +1 flail "Waydghun" {pain, rElec
                  | Str+3 Dex-2} (You found it on level 15 of the Dungeon)
 22138 | D:15     | Found a staircase to the Depths.
 22741 | Orc:1    | Entered Level 1 of the Orcish Mines
 22952 | Orc:1    | Noticed Gastronok
 23072 | Orc:1    | Killed Gastronok
 23246 | Orc:2    | Entered Level 2 of the Orcish Mines
 23382 | Orc:2    | Found a roughly hewn altar of Beogh.
 23478 | Orc:2    | Found a roughly hewn altar of Beogh.
 23492 | Orc:2    | Found a roughly hewn altar of Beogh.
 23595 | Orc:2    | Found a staircase to the Elven Halls.
 23965 | Orc:2    | Noticed an orc warlord
 23990 | Orc:2    | Found a roughly hewn altar of Beogh.
 24039 | Orc:2    | Killed an orc warlord
 24167 | Orc:2    | Found a roughly hewn altar of Beogh.
 24260 | Orc:2    | Noticed an orc warlord
 24292 | Orc:2    | Killed an orc warlord
 24351 | Orc:2    | Found Zeses's Antique Armour Boutique.
 24352 | Orc:2    | Found a roughly hewn altar of Beogh.
 24355 | Orc:2    | Found Suub Vam's Antique Weapon Shop.
 24367 | Orc:2    | Received a gift from Okawaru
 24368 | Orc:2    | Got a polished mace {god gift}
 24372 | Orc:2    | Identified the +7 mace of the Well-Known Songs {freeze,
                  | Stlth+} (Okawaru gifted it to you on level 2 of the Orcish
                  | Mines)
 24426 | Orc:2    | Found a roughly hewn altar of Beogh.
 24456 | Orc:2    | Found Uttoc's Antique Weapon Boutique.
 24617 | Orc:2    | Found a roughly hewn altar of Beogh.
 24636 | Orc:2    | Found Oblil's Food Emporium.
 24899 | Orc:2    | Bought a pair of transparent boots for 218 gold pieces
 24909 | Orc:2    | Identified the +0 pair of boots of Circular Logic {Dex+4}
                  | (You bought it in a shop on level 2 of the Orcish Mines)
 25074 | Spider:1 | Entered Level 1 of the Spider Nest
 25178 | Spider:1 | Reached XP level 16. HP: 107/107 MP: 22/22
 25236 | Spider:1 | Reached skill level 15 in Fighting
 25284 | Spider:1 | HP: 5/108 [tarantella (2)]
 25673 | Spider:1 | Received a gift from Okawaru
 25674 | Spider:1 | Got an ancient mace {god gift}
 25814 | Spider:1 | Reached skill level 15 in Armour
 26713 | Spider:2 | Noticed Donald
 26733 | Spider:2 | Killed Donald
 26733 | Spider:2 | Received a gift from Okawaru
 26772 | Spider:2 | Identified the +4 mace of Taxation {flame, rC- Str+6 Dex+3}
                  | (Okawaru gifted it to you on level 1 of the Spider Nest)
 26982 | Spider:2 | You are sucked into a shaft and drop 1 floor!
 27092 | Spider:2 | Found a runed translucent gate.
 27092 | Spider:2 | Found a runed translucent gate.
 27093 | Spider:2 | Found a runed translucent gate.
 27095 | Spider:2 | Noticed Gohat's ghost (journeyman HOBe)
 27186 | Spider:2 | Noticed Arachne
 27207 | Spider:2 | Killed Arachne
 27207 | Spider:2 | Received a gift from Okawaru
 27635 | Spider:2 | Killed Gohat's ghost
 28096 | Spider:3 | Reached XP level 17. HP: 105/116 MP: 21/23
 28511 | Spider:4 | Entered Level 4 of the Spider Nest
 28648 | Spider:4 | Received a gift from Okawaru
 28961 | Spider:4 | Got a transparent plate armour
 28963 | Spider:4 | Identified the cursed +1 plate armour of Mutualism {+Blink
                  | rC- rN+} (You found it on level 4 of the Spider Nest)
 29168 | Spider:4 | Received a gift from Okawaru
 30454 | Spider:4 | Received a gift from Okawaru
 30455 | Spider:4 | Got a pitted chain mail {god gift}
 30474 | Spider:4 | Identified the +1 chain mail "Abedes" {Dex+6} (Okawaru
                  | gifted it to you on level 4 of the Spider Nest)
 30531 | Spider:4 | Got a gossamer rune of Zot
 30783 | Lair:4   | Upgraded the game from 0.24.0-1-gfbc8707122 to
                  | 0.24.0-2-g5b39cebb1c
 30784 | Shoals:1 | Entered Level 1 of the Shoals
 31893 | Shoals:2 | Noticed Kirke
 32085 | Shoals:2 | Killed Kirke
 32085 | Shoals:2 | Reached XP level 18. HP: 126/126 MP: 16/24
 32421 | Shoals:2 | Noticed Polyphemus
 32467 | Shoals:2 | Killed Polyphemus
 33606 | Shoals:3 | Received a gift from Okawaru
 33957 | Shoals:3 | Got an ancient hat
 34300 | Shoals:3 | Identified the +1 hat of Vlad {Regen+ Int+3 Dex-2} (You
                  | found it on level 3 of the Shoals)
 34803 | Shoals:4 | Entered Level 4 of the Shoals
 34887 | Shoals:4 | Noticed Ilsuiw
 34975 | Shoals:4 | Noticed Mara
 34983 | Shoals:3 | Noticed DavidChitty2's illusion
 35006 | Shoals:3 | Killed Mara
 35069 | Shoals:4 | Received a gift from Okawaru
 35070 | Shoals:4 | Got a pair of ancient gloves {god gift}
 35111 | Shoals:3 | Identified the +1 pair of gloves of the Republic {rF- MR+
                  | Str+5} (Okawaru gifted it to you on level 4 of the Shoals)
 35413 | Shoals:4 | Killed Ilsuiw
 35493 | Shoals:4 | Reached XP level 19. HP: 86/134 MP: 17/25
 35765 | Shoals:4 | Got a dazzling rapier
 36061 | Shoals:4 | Got a barnacled rune of Zot
 36676 | Shoals:4 | Identified the Papyrus of Hurtful Black Secrets
 36855 | Shoals:4 | Received a gift from Okawaru
 36856 | Shoals:4 | Got a polished helmet {god gift}
 36867 | Shoals:4 | Identified the +1 helmet "Baser" {Regen+ Str-4 Int+3}
                  | (Okawaru gifted it to you on level 4 of the Shoals)
 37429 | Vaults:1 | Entered Level 1 of the Vaults
 38134 | Vaults:1 | Found a runed translucent gate.
 38134 | Vaults:1 | Found a runed translucent gate.
 38134 | Vaults:1 | Found a runed translucent gate.
 38135 | Vaults:1 | Noticed Sianeop's ghost (adept GrFi)
 38531 | Vaults:1 | Killed Sianeop's ghost
 39967 | Vaults:2 | Noticed a Tzitzimitl
 40008 | Vaults:2 | Received a gift from Okawaru
 40049 | Vaults:2 | Reached XP level 20. HP: 91/144 MP: 21/26
 40574 | Vaults:2 | Received a gift from Okawaru
 42063 | Vaults:3 | Received a gift from Okawaru
 42068 | Vaults:3 | Got a bloodstained crystal plate armour {god gift}
 42069 | Vaults:3 | Identified the +12 crystal plate armour of Henotheism {rF+}
                  | (Okawaru gifted it to you on level 3 of the Vaults)
 42681 | Vaults:3 | Found Tigaoxtu's Antique Weapon Shoppe.
 42850 | Vaults:3 | Found a staircase to the Crypt.
 43806 | Vaults:4 | Identified the +2 glaive "Jenuzyj" {flame, Str-4 Dex+6}
 43814 | Vaults:4 | Reached XP level 21. HP: 151/151 MP: 24/27
 43906 | Vaults:4 | Got a brightly glowing robe
 44060 | Vaults:4 | Gained mutation: Your body sometimes deteriorates upon
                  | taking damage. [a cacodemon]
 44607 | Vaults:4 | Received a gift from Okawaru
 46335 | Depths:1 | Entered Level 1 of the Depths
 46918 | Depths:1 | Received a gift from Okawaru
 47217 | Depths:1 | Found a gateway to Hell.
 47537 | Depths:1 | Found a sparkling altar of Nemelex Xobeh.
 47922 | Depths:2 | Noticed a juggernaut
 47952 | Depths:2 | Killed a juggernaut
 47954 | Depths:2 | Reached XP level 22. HP: 134/160 MP: 22/28
 47960 | Depths:2 | Reached skill level 1 in Dodging
 48696 | Depths:2 | Found a one-way gate to the infinite horrors of the Abyss.
 48714 | Depths:2 | Received a gift from Okawaru
 48772 | Depths:2 | Found a gateway to a ziggurat.
 49093 | Depths:2 | Identified a scroll of acquirement
 49095 | Depths:2 | Got a faintly glowing granite ring
 49097 | Depths:2 | Identified the ring of Attitude {Wiz *Corrode Str+4 Slay+2
                  | Stlth+} (You acquired it on level 2 of the Depths)
 49133 | Depths:2 | Noticed an ancient lich
 49183 | Depths:2 | Killed an ancient lich
 49275 | Depths:2 | Identified the Almanac of Darkness
 49944 | Depths:3 | Found a flickering gateway to a bazaar.
 49960 | Bazaar   | Entered a bazaar
 49973 | Bazaar   | Found Ucint's Distillery.
 49973 | Bazaar   | Found Emoemuic's Magic Scroll Shoppe.
 50009 | Bazaar   | Found Eriaptucri's Antique Armour Emporium.
 50009 | Bazaar   | Found Cukyof's Distillery.
 50027 | Bazaar   | Bought a potion of resistance for 130 gold pieces
 50027 | Bazaar   | Bought a potion of haste for 130 gold pieces
 50027 | Bazaar   | Bought a potion of invisibility for 104 gold pieces
 50046 | Bazaar   | Bought a potion of brilliance for 60 gold pieces
 50046 | Bazaar   | Bought a potion of cancellation for 120 gold pieces
 50046 | Bazaar   | Bought a potion of might for 60 gold pieces
 50046 | Bazaar   | Bought a potion of might for 60 gold pieces
 50046 | Bazaar   | Bought a potion of agility for 60 gold pieces
 50046 | Bazaar   | Bought a potion of heal wounds for 75 gold pieces
 50058 | Bazaar   | Bought a scroll of identify for 20 gold pieces
 50058 | Bazaar   | Bought a scroll of brand weapon for 200 gold pieces
 50058 | Bazaar   | Bought a scroll of remove curse for 30 gold pieces
 50058 | Bazaar   | Bought a scroll of identify for 20 gold pieces
 50058 | Bazaar   | Bought a scroll of teleportation for 30 gold pieces
 50058 | Bazaar   | Bought a scroll of magic mapping for 35 gold pieces
 50058 | Bazaar   | Bought a scroll of identify for 20 gold pieces
 50077 | Bazaar   | Bought an embroidered scarf for 144 gold pieces
 50185 | Depths:3 | Found a transporter.
 50230 | Depths:3 | Reached skill level 15 in Maces & Flails
 50800 | Depths:3 | Received a gift from Okawaru
 50836 | Depths:3 | Got a warped lajatang {god gift}
 51230 | Depths:3 | Found a one-way gate leading to the halls of Pandemonium.
 51543 | Depths:3 | Found a transporter.
 51544 | Depths:3 | Found the +4 dagger "Morg" {pain, MR+ Int+5}
 51643 | Depths:3 | Noticed a golden dragon
 51643 | Depths:3 | Noticed a juggernaut
 51644 | Depths:3 | Noticed a caustic shrike
 51818 | Depths:4 | Noticed Louise
 51833 | Depths:4 | Killed Louise
 51877 | Depths:4 | Found a magical portal.
 52097 | WizLab   | Found the +9 staff of Wucad Mu {channel}
 52387 | Depths:4 | Reached XP level 23. HP: 165/165 MP: 29/29
 52810 | Depths:4 | Reached XP level 24. HP: 161/172 MP: 29/29
 52819 | Depths:4 | Received a gift from Okawaru
 52819 | Depths:4 | Paralysed by a floating eye for 4 turns
 52827 | Depths:4 | Paralysed by a floating eye for 2 turns
 53181 | Depths:4 | Got a slimy buckler
 53626 | Depths:4 | You are sucked into a shaft and drop 1 floor!
 53626 | Depths:5 | Entered Level 5 of the Depths
 54325 | Depths:4 | Received a gift from Okawaru
 55313 | Depths:5 | Found a gate to the Realm of Zot.
 55644 | Vaults:5 | Entered Level 5 of the Vaults
 55651 | Vaults:5 | Noticed Boris
 55818 | Vaults:5 | Received a gift from Okawaru
 55819 | Vaults:5 | Found the +0 pair of fencer's gloves {Riposte Dex+3}
 56101 | Vaults:5 | Reached XP level 25. HP: 132/178 MP: 24/29
 56261 | Vaults:5 | Identified the +2 robe of the Doge {Str+5 Dex+3 Stlth+}
 56284 | Vaults:5 | Reached skill level 10 in Dodging
 56747 | Vaults:5 | Received a gift from Okawaru
 57399 | Vaults:5 | Killed Boris
 57421 | Vaults:5 | Identified the +5 large shield of the Ban {rN++ Str+3}
 57474 | Vaults:5 | Got a distressingly furry scale mail
 57717 | Vaults:5 | Found Zucacoy's Magic Scroll Shop.
 57722 | Vaults:5 | Bought a scroll of acquirement for 624 gold pieces
 57722 | Vaults:5 | Bought a scroll of teleportation for 36 gold pieces
 57722 | Vaults:5 | Bought a scroll of summoning for 114 gold pieces
 57722 | Vaults:5 | Bought a scroll of enchant weapon for 90 gold pieces
 57722 | Vaults:5 | Bought a scroll of magic mapping for 42 gold pieces
 57732 | Vaults:5 | Found Haneoklesch's Gadget Shoppe.
 57733 | Vaults:5 | Found Hipumal's Antique Armour Boutique.
 57746 | Vaults:5 | Found Moneb's Magic Scroll Emporium.
 57750 | Vaults:5 | Bought a scroll of blinking for 157 gold pieces
 57750 | Vaults:5 | Bought a scroll of blinking for 157 gold pieces
 57854 | Vaults:5 | Received a gift from Okawaru
 57869 | Vaults:5 | Got a silver rune of Zot
 58515 | Elf:1    | Entered Level 1 of the Elven Halls
 58725 | Elf:1    | Reached XP level 26. HP: 186/186 MP: 29/29
 59033 | Elf:1    | Gained mutation: Your spells are a little easier to cast,
                  | but a little less powerful. [a neqoxec]
 59304 | Elf:1    | Found Puokheti's Weapon Boutique.
 59828 | Elf:2    | Received a gift from Okawaru
 59829 | Elf:2    | Got a pitted plate armour {god gift}
 59830 | Elf:2    | Identified the +6 plate armour of Vlad {MR+} (Okawaru
                  | gifted it to you on level 2 of the Elven Halls)
 60062 | Elf:2    | Found a runed translucent gate.
 60064 | Elf:2    | Found a runed translucent gate.
 60065 | Elf:2    | Found a runed translucent gate.
 60728 | Elf:2    | Found Qeebredd's Weapon Shop.
 60766 | Elf:3    | Entered Level 3 of the Elven Halls
 60782 | Elf:3    | Found a runed translucent gate.
 60782 | Elf:3    | Found a runed translucent gate.
 60782 | Elf:3    | Found a runed translucent gate.
 60783 | Elf:3    | Noticed Kyerol's ghost (adept TeSu)
 61020 | Elf:3    | Found a shimmering blue altar of Sif Muna.
 61058 | Elf:3    | Noticed Bai Suzhen
 61081 | Elf:3    | Killed Bai Suzhen
 62088 | Elf:3    | Identified the cursed +3 flail of Valuable Assets {pain,
                  | rPois rC++ Str+3 Int-2}
 62441 | Elf:3    | Identified the +9 rapier of Conformity {flame, rF+}
 62544 | Elf:3    | Identified the +11 quarterstaff of Armageddon {crush,
                  | +Blink rC- Int+3 Dex+3}
 62653 | Elf:3    | Identified the cursed +1 mace of Extremism {protect, rC++
                  | MR+ Str-3 SInv}
 62707 | Elf:3    | Identified Guap's Reference Book on Air and Necromancy
 62722 | Elf:3    | Identified the Disquisition on the Nocuous Rocks
 62732 | Elf:3    | Got a scorched dagger
 62805 | Elf:3    | Got an ebony hand axe
 63714 | Depths:3 | Received a gift from Okawaru
 64064 | Depths:3 | Killed a juggernaut
 64064 | Depths:3 | Reached XP level 27. HP: 193/193 MP: 23/29
 64127 | Depths:3 | Received a gift from Okawaru
 64143 | Depths:3 | Got a smoking scale mail {god gift}
 64207 | Depths:3 | Got a wavering turquoise ring
 64208 | Depths:3 | Identified the ring "Davofam" {*Corrode rPois MR- MP+9
                  | Str+4} (You found it on level 3 of the Depths)
 64222 | Depths:3 | Identified the cursed ring "Zoed" {rF+ EV-3} (You found it
                  | on level 3 of the Depths)
 64316 | Depths:2 | Voluntarily entered the Abyss.
 64428 | Abyss:1  | Gained mutation: Your body often deteriorates upon taking
                  | damage. [a neqoxec]
 64444 | Abyss:1  | Gained mutation: Armour fits poorly on your strangely
                  | shaped body. [a neqoxec]
 64914 | Abyss:2  | Paralysed by you for 4 turns
 64928 | Abyss:2  | Found a radiant altar of Vehumet.
 64994 | Abyss:2  | Found a radiant altar of Vehumet.
 65293 | Abyss:2  | Found an iron altar of Okawaru.
 65310 | Abyss:2  | Found a corrupted altar of Lugonu.
 66257 | Abyss:3  | Received a gift from Okawaru
 66356 | Abyss:3  | Paralysed by you for 4 turns
 66591 | Abyss:3  | Learned a level 1 spell: Apportation
 66727 | Abyss:3  | Reached skill level 1 in Translocations
 66775 | Abyss:3  | Reached skill level 1 in Spellcasting
 66837 | Abyss:3  | Found a corrupted altar of Lugonu.
 67041 | Abyss:3  | Gained mutation: You occasionally shout uncontrollably at
                  | your foes. [a neqoxec]
 67260 | Abyss:3  | Paralysed by accursed screaming for 1 turns
 67295 | Abyss:3  | Gained mutation: You are frail. (-10% HP) [a neqoxec]
 67326 | Abyss:3  | Received a gift from Okawaru
 67485 | Abyss:3  | Gained mutation: Your magical capacity is very low. (-20%
                  | MP) [a neqoxec]
 67489 | Abyss:3  | Gained mutation: You are weak. (Str -2) [a neqoxec]
 67815 | Abyss:3  | Paralysed by accursed screaming for 1 turns
 67819 | Abyss:3  | Paralysed by accursed screaming for 1 turns
 68006 | Abyss:3  | Gained mutation: You are dopey. (Int -2) [a neqoxec]
 68294 | Abyss:3  | Reached skill level 27 in Fighting
 68395 | Abyss:3  | Reached skill level 5 in Translocations
 68748 | Abyss:3  | Received a gift from Okawaru
 68750 | Abyss:3  | Gained mutation: You are clumsy. (Dex -2) [a neqoxec]
 68760 | Abyss:3  | Gained mutation: You do not regenerate when monsters are
                  | visible. [a neqoxec]
 68898 | Abyss:3  | Reached skill level 5 in Spellcasting
 68995 | Abyss:3  | Found a huge runed translucent gate.
 68996 | Abyss:3  | Found a huge runed translucent gate.
 68997 | Abyss:3  | Found a huge runed translucent gate.
 68998 | Abyss:3  | Found a huge runed translucent gate.
 68999 | Abyss:3  | Found a huge runed translucent gate.
 69000 | Abyss:3  | Found a huge runed translucent gate.
 69000 | Abyss:3  | Found a huge runed translucent gate.
 69001 | Abyss:3  | Found a huge runed translucent gate.
 69349 | Abyss:3  | Got an abyssal rune of Zot
 69588 | Abyss:3  | Gained mutation: You are very weak. (Str -4) [a neqoxec]
 69692 | Depths:2 | Escaped the Abyss
 69886 | Vaults:5 | Lost mutation: You are clumsy. (Dex -2) [potion of
                  | mutation]
 69886 | Vaults:5 | Lost mutation: You are frail. (-10% HP) [potion of
                  | mutation]
 69886 | Vaults:5 | Gained mutation: You tend to lose your temper in combat.
                  | [potion of mutation]
 69886 | Vaults:5 | Lost mutation: Your spells are a little easier to cast, but
                  | a little less powerful. [potion of mutation]
 69888 | Vaults:5 | Lost mutation: Your body often deteriorates upon taking
                  | damage. [potion of mutation]
 69888 | Vaults:5 | Lost mutation: You are dopey. (Int -2) [potion of mutation]
 69888 | Vaults:5 | Gained mutation: You expend magic power (3 MP) to
                  | strengthen your wands. [potion of mutation]
 69889 | Vaults:5 | Lost mutation: You are very weak. (Str -4) [potion of
                  | mutation]
 69889 | Vaults:5 | Lost mutation: You occasionally shout uncontrollably at
                  | your foes. [potion of mutation]
 69889 | Vaults:5 | Lost mutation: Your magical capacity is low. (-10% MP)
                  | [potion of mutation]
 69889 | Vaults:5 | Gained mutation: You are surrounded by a mild repulsion
                  | field. (EV +2) [potion of mutation]
 69889 | Vaults:5 | Gained mutation: You are robust. (+10% HP) [potion of
                  | mutation]
 69889 | Vaults:5 | Gained mutation: You are partially covered in icy blue
                  | scales. (AC +2) [potion of mutation]
 69889 | Vaults:5 | Gained mutation: You evolve. [potion of mutation]
 69890 | Vaults:5 | Lost mutation: You are weak. (Str -2) [potion of mutation]
 69890 | Vaults:5 | Lost mutation: Your body sometimes deteriorates upon taking
                  | damage. [potion of mutation]
 69890 | Vaults:5 | Lost mutation: You are robust. (+10% HP) [potion of
                  | mutation]
 69890 | Vaults:5 | Lost mutation: You tend to lose your temper in combat.
                  | [potion of mutation]
 69890 | Vaults:5 | Gained mutation: You tend to lose your temper in combat.
                  | [potion of mutation]
 69890 | Vaults:5 | Gained mutation: Scrolls take you a little longer to read.
                  | [potion of mutation]
 69890 | Vaults:5 | Gained mutation: You have very sharp teeth. [potion of
                  | mutation]
 69891 | Vaults:5 | Lost mutation: Armour fits poorly on your strangely shaped
                  | body. [potion of mutation]
 69891 | Vaults:5 | Gained mutation: Scrolls take you longer to read. [potion
                  | of mutation]
 69891 | Vaults:5 | Gained mutation: You are robust. (+10% HP) [potion of
                  | mutation]
 70293 | Elf:3    | Lost mutation: Scrolls take you longer to read. [potion of
                  | mutation]
 70293 | Elf:3    | Lost mutation: Scrolls take you a little longer to read.
                  | [potion of mutation]
 70293 | Elf:3    | Lost mutation: You evolve. [potion of mutation]
 70293 | Elf:3    | Lost mutation: You tend to lose your temper in combat.
                  | [potion of mutation]
 70293 | Elf:3    | Gained mutation: You possess an exceptional clarity of
                  | mind. [potion of mutation]
 70293 | Elf:3    | Gained mutation: You have a pair of small horns on your
                  | head. [potion of mutation]
 70294 | Elf:3    | Lost mutation: You possess an exceptional clarity of mind.
                  | [potion of mutation]
 70294 | Elf:3    | Lost mutation: You have a pair of small horns on your head.
                  | [potion of mutation]
 70294 | Elf:3    | Lost mutation: You do not regenerate when monsters are
                  | visible. [potion of mutation]
 70294 | Elf:3    | Gained mutation: You are partially covered in large bone
                  | plates. (SH +4) [potion of mutation]
 70801 | Zot:1    | Entered Level 1 of the Realm of Zot
 71005 | Zot:1    | Received a gift from Okawaru
 72242 | Zot:2    | Received a gift from Okawaru
 72499 | Zot:2    | Identified the Papyrus of Changing
 73176 | Zot:2    | Received a gift from Okawaru
 73441 | Zot:2    | Reached skill level 27 in Armour
 75574 | Zot:3    | Reached skill level 10 in Invocations
 75774 | Zot:3    | Received a gift from Okawaru
 76299 | Zig:1    | Entered Level 1 of a ziggurat
 76299 | Zig:1    | Noticed Biuk the pandemonium lord
 76342 | Zig:1    | Killed Biuk the pandemonium lord
 76616 | Zig:2    | Entered Level 2 of a ziggurat
 76647 | Zig:3    | Entered Level 3 of a ziggurat
 76739 | Zig:4    | Entered Level 4 of a ziggurat
 76741 | Zig:4    | Noticed an ancient lich
 76758 | Zig:4    | Killed an ancient lich
 76783 | Zig:4    | Got a dazzling lajatang
 76786 | Zig:4    | Got a scorched long sword
 76803 | Zig:4    | Got a fine silver amulet
 76804 | Zig:4    | Identified the amulet "Gyoco" {rF+ rC+ Regen+ Stlth+} (You
                  | acquired it on level 4 of a ziggurat)
 76814 | Zig:5    | Entered Level 5 of a ziggurat
 76818 | Zig:5    | Found the +9 sword of Zonguldrok {reap}
 76893 | Zig:5    | Got a warped triple crossbow
 76918 | Zig:6    | Entered Level 6 of a ziggurat
 76985 | Zig:6    | Got a vibrating wooden ring
 76986 | Zig:6    | Identified the ring "Zinly" {rF- MR+ Dex+5} (You found it
                  | on level 6 of a ziggurat)
 77000 | Zig:6    | Identified a +1 pair of boots of running (You found it on
                  | level 6 of a ziggurat)
 77023 | Zig:7    | Entered Level 7 of a ziggurat
 77029 | Zig:7    | Noticed Wetwauz the pandemonium lord
 77039 | Zig:7    | Killed Wetwauz the pandemonium lord
 77048 | Zig:7    | Received a gift from Okawaru
 77052 | Zig:7    | Gained mutation: You are weak. (Str -2) [a cacodemon]
 77071 | Zig:7    | Got a brightly glowing eveningstar {god gift}
 77075 | Zig:7    | Identified the +6 eveningstar of Gin and Tonic {holy, rElec
                  | rC+} (Okawaru gifted it to you on level 7 of a ziggurat)
 77269 | Zig:7    | Got a shimmering battleaxe
 77279 | Zig:7    | Got a fine rapier
 77294 | Zig:8    | Entered Level 8 of a ziggurat
 77302 | Zig:8    | Noticed Ninnypto the pandemonium lord
 77302 | Zig:8    | Noticed Tesisui the pandemonium lord
 77336 | Zig:8    | Killed Ninnypto the pandemonium lord
 77359 | Zig:8    | Killed Tesisui the pandemonium lord
 77412 | Zig:8    | Learned a level 2 spell: Blink
 77419 | Zig:8    | Learned a level 6 spell: Deflect Missiles
 77434 | Zig:8    | Got a translucent granite ring
 77435 | Zig:8    | Identified the ring "Maratop" {MR+ EV+2 Int-5 Dex+2 Slay+4}
                  | (You found it on level 8 of a ziggurat)
 77448 | Zig:8    | Got a brightly glowing scale mail
 77469 | Zig:9    | Entered Level 9 of a ziggurat
 77475 | Zig:9    | Noticed Furopn the pandemonium lord
 77517 | Zig:9    | Reached skill level 1 in Charms
 77588 | Zig:9    | Killed Furopn the pandemonium lord
 77588 | Zig:9    | Reached skill level 15 in Dodging
 77588 | Zig:9    | Reached skill level 1 in Air Magic
 77648 | Zig:9    | Received a gift from Okawaru
 77664 | Zig:9    | Got a brightly glowing ring mail
 77667 | Zig:9    | Got a heavily runed brass ring
 77668 | Zig:9    | Identified the ring of Ufaleeto {*Corrode Str+6 Int+3 Dex-3
                  | Slay+3} (You found it on level 9 of a ziggurat)
 77683 | Zig:9    | Got twisted pearl dragon scales
 77684 | Zig:9    | Identified the +4 pearl dragon scales of Ru's Esteem {rElec
                  | rPois rN+ Regen+ Stlth+} (You found it on level 9 of a
                  | ziggurat)
 77743 | Zig:10   | Entered Level 10 of a ziggurat
 77758 | Zig:10   | Found the +2 ratskin cloak {+Rats rPois rN+ Str-1 Int-1
                  | Dex+1}
 77922 | Zig:10   | Got a smelly ring mail
 77935 | Zig:10   | Got a blackened scale mail
 77938 | Zig:10   | Got a brightly glowing granite ring
 77939 | Zig:10   | Identified the ring "Loshrun" {+Inv rPois MR++ Str-4 Int+2}
                  | (You found it on level 10 of a ziggurat)
 77967 | Zig:11   | Entered Level 11 of a ziggurat
 78173 | Zig:11   | Identified the Guide on the Bewitching Rocks
 78181 | Zig:11   | Got a brightly glowing spear
 78187 | Zig:11   | Got a vibrating bone ring
 78188 | Zig:11   | Identified the ring "Bihofot" {Wiz rElec rC+ Stlth+} (You
                  | found it on level 11 of a ziggurat)
 78614 | Slime:1  | Entered Level 1 of the Pits of Slime
 78704 | Slime:2  | Gained mutation: You are very weak. (Str -4) [a shining
                  | eye]
 78706 | Slime:2  | Gained mutation: You are dopey. (Int -2) [a shining eye]
 78741 | Slime:2  | Received a gift from Okawaru
 78742 | Slime:2  | Got a tattered robe {god gift}
 79006 | Slime:4  | Paralysed by a floating eye for 3 turns
 79019 | Slime:4  | Paralysed by a floating eye for 2 turns
 79168 | Slime:5  | Entered Level 5 of the Pits of Slime
 79187 | Slime:5  | Lost mutation: You are dopey. (Int -2) [a shining eye]
 79195 | Slime:5  | Gained mutation: Your spells are a little easier to cast,
                  | but a little less powerful. [a shining eye]
 79196 | Slime:5  | Noticed Dissolution
 79198 | Slime:5  | Gained mutation: You are dopey. (Int -2) [a shining eye]
 79211 | Slime:4  | Reached skill level 5 in Charms
 79377 | Slime:5  | Gained mutation: Scrolls take you a little longer to read.
                  | [a shining eye]
 79382 | Slime:5  | Gained mutation: Armour fits poorly on your strangely
                  | shaped body. [a shining eye]
 79436 | Slime:5  | Noticed the Royal Jelly
 79650 | Slime:4  | Lost mutation: Scrolls take you a little longer to read.
                  | [potion of mutation]
 79650 | Slime:4  | Lost mutation: You are robust. (+10% HP) [potion of
                  | mutation]
 79650 | Slime:4  | Lost mutation: You expend magic power (3 MP) to strengthen
                  | your wands. [potion of mutation]
 79650 | Slime:4  | Lost mutation: Your spells are a little easier to cast, but
                  | a little less powerful. [potion of mutation]
 79650 | Slime:4  | Gained mutation: You are covered in fur. (AC +1) [potion of
                  | mutation]
 79670 | Slime:5  | Killed the Royal Jelly
 79670 | Slime:5  | Reached skill level 5 in Air Magic
 79717 | Slime:5  | Gained mutation: Your spells are a little easier to cast,
                  | but a little less powerful. [a shining eye]
 79737 | Slime:5  | Gained mutation: You are frail. (-10% HP) [a shining eye]
 79738 | Slime:5  | Gained mutation: You are very frail. (-20% HP) [a shining
                  | eye]
 79741 | Slime:5  | Gained mutation: Your magical capacity is low. (-10% MP) [a
                  | shining eye]
 80433 | Slime:5  | Lost mutation: Your spells are a little easier to cast, but
                  | a little less powerful. [a shining eye]
 80441 | Slime:5  | Lost mutation: You are dopey. (Int -2) [potion of mutation]
 80441 | Slime:5  | Lost mutation: You are very weak. (Str -4) [potion of
                  | mutation]
 80441 | Slime:5  | Gained mutation: Your body sometimes deteriorates upon
                  | taking damage. [potion of mutation]
 80441 | Slime:5  | Gained mutation: Your mind is acute. (Int +2) [potion of
                  | mutation]
 80572 | Slime:5  | Got a fabulously ornate robe
 80594 | Slime:5  | Got a transparent ring mail
 80625 | Slime:5  | Got an encrusted short sword
 80627 | Slime:5  | Got a slimy rune of Zot
 80646 | Slime:5  | Identified the Volume of Scorching Changing
 80657 | Slime:5  | Got a slimy ring mail
 80663 | Slime:5  | Identified Pontogh's Disquisition on Aerial Sinister Magic
 80677 | Slime:5  | Identified the Tome of Subjectivity
 80721 | Slime:5  | Got a fine cloak
 80722 | Slime:5  | Identified the cursed +0 cloak of the Vacuum {rPois rC+
                  | Int+2 Stlth+} (You found it on level 5 of the Pits of
                  | Slime)
 80793 | Slime:5  | Gained mutation: You tend to lose your temper in combat. [a
                  | shining eye]
 81443 | Temple   | Fell from the grace of Okawaru
 81443 | Temple   | Became a worshipper of the Shining One
 81793 | Crypt:1  | Entered Level 1 of the Crypt
 81807 | Crypt:1  | Noticed Boris
 81837 | Crypt:1  | Killed Boris
 82173 | Crypt:1  | Reached * piety under the Shining One
 82435 | Crypt:1  | Reached ** piety under the Shining One
 83082 | Crypt:2  | Reached *** piety under the Shining One
 83404 | Crypt:2  | Reached **** piety under the Shining One
 83731 | Crypt:3  | Entered Level 3 of the Crypt
 83812 | Crypt:3  | Found a staircase to the Tomb.
 83963 | Crypt:3  | Reached ***** piety under the Shining One
 84006 | Crypt:3  | Reached ****** piety under the Shining One
 84346 | Crypt:3  | Found a shimmering altar of Xom.
 85640 | Hell     | Entered the Vestibule of Hell
 85640 | Hell     | Noticed Geryon
 85810 | Hell     | Killed Geryon
 86662 | Lair:4   | Identified a +7 hand crossbow of holy wrath (a +5 hand
                  | crossbow of velocity blessed by the Shining One)
 86662 | Lair:4   | Received a gift from the Shining One
 87015 | Hell     | Found a gateway to the freezing wastes of Cocytus.
 87139 | Hell     | Found a gateway to the Iron City of Dis.
 87208 | Hell     | Found a gateway to the ashen valley of Gehenna.
 87301 | Hell     | Found a gateway to the decaying netherworld of Tartarus.
 87357 | Geh:1    | Entered Level 1 of Gehenna
 87394 | Geh:1    | Reached skill level 10 in Charms
 87832 | Geh:2    | Reached skill level 10 in Air Magic
 87939 | Geh:2    | Was forgiven by Okawaru
 87976 | Geh:2    | Reached skill level 1 in Crossbows
 88210 | Geh:4    | Reached skill level 15 in Invocations
 88270 | Geh:5    | Reached skill level 5 in Crossbows
 88884 | Geh:7    | Entered Level 7 of Gehenna
 89846 | Geh:7    | Reached skill level 10 in Crossbows
 90349 | Geh:7    | Identified the +7 sceptre of Asmodeus
 90349 | Geh:7    | Noticed Asmodeus
 90371 | Geh:7    | Killed Asmodeus
 90429 | Geh:7    | Got an obsidian rune of Zot
 92273 | Zot:4    | Found the +6 lightning scales {run, rElec}
 92294 | Zot:4    | Got a jewelled falchion
 93950 | Zot:5    | Entered Level 5 of the Realm of Zot
 94623 | Zot:5    | Noticed an ancient lich
 94631 | Zot:5    | Noticed an orb of fire
 94633 | Zot:5    | Gained mutation: Scrolls take you a little longer to read.
                  | [an orb of fire]
 94660 | Zot:5    | Killed an orb of fire
 94746 | Zot:5    | Noticed an ancient lich
 94754 | Zot:5    | Killed an ancient lich
 94764 | Zot:5    | Killed an ancient lich
 94979 | Zot:5    | Noticed an ancient lich
 94980 | Zot:5    | Noticed an orb of fire
 94988 | Zot:5    | Gained mutation: Scrolls take you longer to read. [an orb
                  | of fire]
 94995 | Zot:5    | Noticed an ancient lich
 94998 | Zot:5    | Killed an ancient lich
 95014 | Zot:5    | Killed an ancient lich
 95031 | Zot:5    | Gained mutation: Your spells are a little easier to cast,
                  | but a little less powerful. [an orb of fire]
 95036 | Zot:5    | Gained mutation: You occasionally shout uncontrollably at
                  | your foes. [an orb of fire]
 95038 | Zot:5    | Killed an orb of fire
 95833 | Depths:1 | Lost mutation: Your body sometimes deteriorates upon taking
                  | damage. [potion of mutation]
 95833 | Depths:1 | Lost mutation: You are very frail. (-20% HP) [potion of
                  | mutation]
 95833 | Depths:1 | Lost mutation: Scrolls take you longer to read. [potion of
                  | mutation]
 95833 | Depths:1 | Gained mutation: You passively map a small area around you.
                  | [potion of mutation]
 95910 | Tar:1    | Entered Level 1 of Tartarus
 96659 | Tar:2    | Learned a level 5 spell: Silence
 97025 | Tar:3    | Reached skill level 27 in Invocations
 97262 | Tar:3    | Reached skill level 1 in Hexes
 97435 | Tar:4    | Learned a level 3 spell: Portal Projectile
 98207 | Tar:7    | Entered Level 7 of Tartarus
 98433 | Tar:7    | Reached skill level 5 in Hexes
 98706 | Tar:7    | Lost mutation: Your mind is acute. (Int +2) [mutagenic
                  | glow]
 99337 | Tar:7    | Noticed Ereshkigal
 99365 | Tar:7    | Killed Ereshkigal
 99391 | Tar:7    | Got a bone rune of Zot
 99687 | Dis:1    | Entered Level 1 of the Iron City of Dis
100562 | Dis:7    | Entered Level 7 of the Iron City of Dis
101323 | Dis:7    | Identified the +4 staff of Dispater
101323 | Dis:7    | Noticed Dispater
101327 | Dis:7    | Killed from afar by a Hell Sentinel

Levels and vault maps discovered:
D:1:      dpeg_arrival_tiny_h, layout_loops_corners
D:2:      layout_basic, gammafunk_temple_overflow_arena, first_ration
D:3:      layout_loops_corners, minmay_door_square, uniq_robin
D:4:      layout_rooms
D:5:      layout_rooms, makhleb_grotto_becter, minmay_temple_entry_trees,
          kennysheep_cross_bottleneck, nicolae_alphabet_shops,
          doesnt_xom_only_xom
D:6:      layout_cave_pools, nicolae_ru_great_annihilating_truth,
          gammafunk_temple_overflow_elements
D:7:      layout_basic, lemuel_coloured_pillars_altar, grunt_livestock
D:8:      cheibrodos_fertilizer, layout_rooms, elyvilon_altar_5,
          kennysheep_little_box, basic_altar
D:9:      layout_loops_ring, lair_entry_dummy, orc_0_dummy, special_room
          [special_room_bee], kennysheep_small_circle
D:10:     layout_long_grid, serial_bayou_pond_c, fedhas_bush_and_centaur_altar
D:11:     layout_roguey, uniq_maurice, uniq_grum, uniq_josephine
D:12:     layout_loops_ring, serial_shops, bzr_entry_water,
          makhleb_altar_promises_db
D:13:     layout_roguey, minmay_misc_feat_columns, lightli_elemental_guards,
          uniq_sonja
D:14:     layout_layer_cave, david_vaults_4
D:15:     gammafunk_depths_entry_grave, layout_irregular_city,
          minmay_hedge_maze, minmay_misc_feat_secret_circle
Temple:   minmay_temple_curvy_branch
Lair:1:   layout_cave_pods
Lair:2:   layout_regular_city, grunt_megastairs_4
Lair:3:   layout_cave_pods
Lair:4:   layout_small_grid, minmay_shoals_entry_lonely_mermaid,
          nicolae_spider_entry_non_spiders, special_room
          [special_room_mythical_zoo], minmay_shattered_shrine,
          infiniplex_staircase_pool_2
Lair:5:   layout_loops_ring, bobbens_dragon_lair_wall, uniq_snorg
Lair:6:   gammafunk_lair_ancient_temple, layout_regular_city,
          dpeg_slime_entry_corner
Shoals:1: layout_shoals
Shoals:2: layout_shoals, uniq_polyphemus, uniq_kirke
Shoals:3: layout_shoals
Shoals:4: shoals_end_simple, layout_shoals, shoal_ilsuiw, yaktaur_hedge,
          uniq_mara
Spider:1: layout_spider_delve, drop_trap
Spider:2: layout_spider_delve, gammafunk_ghost_necromancy,
          hangedman_spider_mandibles, drop_trap, uniq_arachne, uniq_donald
Spider:3: layout_spider_delve
Spider:4: johnstein_spider_rune_arachne_lair
Slime:1:  layout_caves
Slime:2:  layout_caves
Slime:3:  layout_caves, nicolae_slime_round_cave
Slime:4:  layout_caves
Slime:5:  uniq_dissolution
Orc:1:    layout_caves, uniq_gastronok
Orc:2:    grunt_orc_community_town_hall, layout_caves,
          grunt_orc_community_big_house_2, grunt_orc_community_big_house_2,
          grunt_orc_community_house_2, grunt_orc_community_house_1,
          grunt_orc_community_house_3, grunt_orc_community_house_1,
          grunt_orc_community_house_3, basic_altar
Elf:1:    minmay_elf_arrival_summoners, layout_geoelf_octagon, serial_shops,
          nicolae_shop_statue_plus, kennysheep_underground_church,
          nrook_loot_triangle
Elf:2:    layout_loops_cross, serial_shops, nicolae_shop_behind_doors
Elf:3:    elf_hall_gauntlet_narrow, layout_geoelf_grid, basic_altar,
          ebering_ghost_rock_garden, lemuel_flamethrower_2, uniq_bai_suzhen
Vaults:1: gammafunk_vaults_ghost_spectres, nicolae_vaults_puzzle_piece,
          nicolae_vaults_mini_display_case, grunt_vaults_swirl, v_misc_11,
          v_misc_18, layout_vaults_omnigrid, serial_glass
Vaults:2: vaults_room_fours, vaults_mumra_hexcomb, grunt_vaults_hallway_long,
          nicolae_vaults_theta, v_misc_1, nicolae_vaults_circle_grid_b,
          hangedman_vaults_locks, vaults_dpeg_diagonal, vaults_dpeg_ring,
          v_misc_11, nicolae_vaults_hallways_thing, vaults_mumra_hex,
          nicolae_vaults_shelves_hall, hangedman_vaults_stretched_pinwheel,
          vaults_dpeg_encased_lava, nicolae_vaults_diagonal_hallway_7,
          layout_vaults_ring
Vaults:3: minmay_crypt_entry_simple_box, vaults_standard_mumra_x,
          hangedman_vaults_trim, ontoclasm_vaults_chip,
          vaults_room_guarded_vault, v_misc_5, nicolae_vaults_shelves_hall,
          hangedman_vaults_trim, layout_vaults_big_room, serial_shops,
          nicolae_shop_overgrown_old_shop
Vaults:4: kb_rosetta, vaults_room_grid, nicolae_vaults_inception_scallops,
          vaults_standard_mumra_enter_the_diamond, v_misc_9,
          hangedman_vaults_nodes, v_misc_3, hangedman_vaults_stagger,
          ontoclasm_vaults_bender, nicolae_vaults_network_barrier,
          ontoclasm_vaults_decontamination, vaults_dpeg_hooks,
          vaults_room_hallway, layout_vaults_omnibox
Vaults:5: uniq_boris
Crypt:1:  layout_misc_corridors, st_stairs_11, hex_tiny,
          grunt_crypt_arrival_split
Crypt:2:  layout_misc_corridors
Crypt:3:  church_of_pain_bobbens, layout_chaotic_city,
          nicolae_crypt_ancient_font, feat_on_display
Depths:1: layout_long_grid, hell_entry, chequers_serial_rivers_small_3,
          nemelex_diamond_rough_becter
Depths:2: minmay_cut_squares, layout_basic, enter_ziggurat_b, abyss_entry,
          hell_entry, special_room [special_room_morgue], st_stairs_12
Depths:3: gammafunk_dig_for_victory, layout_basic, serial_shops,
          bzr_entry_islet, rand_demon_pan_entry_5, hell_entry,
          minmay_misc_feat_doors
Depths:4: minmay_the_grid_plus [minmay_the_grid_tree, minmay_the_grid_mess,
          minmay_the_grid_zigzags, minmay_the_grid_armoury,
          minmay_the_grid_prize_big_room], layout_gridville, mu_enter_wizlab_3,
          hellmouth_1, grunt_pan_entry_sceptre,
          nicolae_abyss_entry_one_way_or_another
Depths:5: evilmike_zot_entry_gauntlet, layout_cave_pools,
          abyss_entry_small_statue_room, hangedman_abyss_or_decor_slice,
          serial_column_ruins, column_ruins_hut, column_ruins_columns_straight,
          column_ruins_columns_dead_end, column_ruins_grid_1,
          column_ruins_grid_3, column_ruins_open_medium, grunt_mini_vestibule
Hell
Dis:1:    layout_regular_city
Dis:2:    layout_gridville, hangedman_dis_chains, grunt_megastairs_3
Dis:3:    layout_jigsaw
Dis:4:    layout_chaotic_city
Dis:5:    layout_gridville
Dis:6:    layout_regular_city
Dis:7:    iron_city_of_dis [dis_grunt, dis_wall_4], layout_chaotic_city
Geh:1:    layout_gehenna_pools_basic
Geh:2:    layout_gehenna_lava_caves
Geh:3:    grunt_deathspiral_small, layout_gehenna_lava_caves
Geh:4:    layout_gehenna_pools_basic
Geh:5:    layout_gehenna_lava_caves
Geh:6:    layout_gehenna_pools_box, grunt_megastairs_2
Geh:7:    geh_hangedman
Tar:1:    layout_honeycomb
Tar:2:    layout_grid_maze, nicolae_tar_cuneiform_city
Tar:3:    layout_honeycomb
Tar:4:    layout_grid_maze
Tar:5:    layout_honeycomb
Tar:6:    layout_cathedral_of_symmetry
Tar:7:    tar_mu [tar_mu_maze]
Zot:1:    layout_misc_corridors, zot_minivault_3
Zot:2:    layout_cathedral_of_symmetry, grunt_ministairs_2, grunt_megastairs_5
Zot:3:    layout_onion_interference, grunt_ministairs_6, zot_minivault_2
Zot:4:    layout_concentric_octagons
Zot:5:    layout_twisted_circle

Skill      XL: |  1  2  3  4  5  6  7  8  9 10 11 12 13 14 15 16 17 18 19 20 21 22 23 24 25 26 27 |
---------------+----------------------------------------------------------------------------------+-----
Maces & Flails | 3 4 5 7 8 10 11 12 13 14 15 16 | 16.0
Shields        | 4 5 6 7 8 9 10 13 15 16 17 18 19 20 21 22 24 25 | 25.0
Armour         | 4 5 6 7 8 9 10 12 13 14 15 16 17 18 19 20 21 22 27 | 27.0
Fighting       | 4 5 6 7 8 9 10 12 13 14 16 18 19 21 22 23 24 25 27 | 27.0
Invocations    | 1 3 5 7 8 27 | 27.0
Dodging        | 6 7 9 10 20 | 20.6
Translocations | 5 |  5.9
Spellcasting   | 7 |  7.0
Charms         | 13 | 13.3
Air Magic      | 12 | 12.9
Crossbows      | 10 | 10.0
Hexes          | 9 |  9.5

Action                   |  1- 3 |  4- 6 |  7- 9 | 10-12 | 13-15 | 16-18 | 19-21 | 22-24 | 25-27 || total
-------------------------+-------+-------+-------+-------+-------+-------+-------+-------+-------++-------
Melee: Flail             |    62 |       |       |       |       |       |       |       |       ||    62
       Whip              |    94 |   159 |   359 |   676 |       |       |       |       |       ||  1288
       Mace              |       |    18 |    28 |    10 |       |       |       |       |       ||    56
       Demon whip        |       |       |       |   291 |  1720 |  2209 |  2424 |  1741 |  6086 || 14471
       Eveningstar       |       |       |       |       |       |    43 |       |       |  4383 ||  4426
       Bite              |       |       |       |       |       |       |       |       |  1241 ||  1241
 Fire: Hand crossbow     |       |       |       |       |       |       |       |       |    33 ||    33
Throw: Throwing net      |       |       |       |       |       |       |       |       |     2 ||     2
 Cast: Portal Projectile |       |       |       |       |       |       |       |       |     3 ||     3
       Apportation       |       |       |       |       |       |       |       |       |     1 ||     1
Invok: Heroism           |       |       |     1 |    10 |     8 |    18 |    18 |    12 |    36 ||   103
       Finesse           |       |       |       |     3 |     7 |     7 |     1 |     2 |     9 ||    29
       Cleansing Flame   |       |       |       |       |       |       |       |       |   177 ||   177
       Summon Divine War |       |       |       |       |       |       |       |       |    22 ||    22
       Brand Weapon With |       |       |       |       |       |       |       |       |     1 ||     1
 Abil: Fly               |       |       |       |       |     1 |       |       |       |     3 ||     4
       Stop Flying       |       |       |       |       |       |       |       |       |     3 ||     3
Evoke: Wand              |       |       |       |       |     1 |     5 |       |       |     8 ||    14
       Phantom mirror    |       |       |       |       |       |       |       |       |     5 ||     5
  Use: Scroll            |       |    15 |     2 |    10 |     3 |    12 |     8 |    16 |    62 ||   128
       Potion            |       |       |     1 |     2 |     4 |     8 |     2 |     4 |    34 ||    55
 Stab: Paralysed         |       |       |     1 |       |       |       |       |       |       ||     1
       Invisible         |       |       |       |       |     2 |     2 |       |       |     2 ||     6
       Confused          |       |       |       |       |       |       |       |       |     1 ||     1
       Distracted        |       |       |       |       |       |       |       |       |     3 ||     3
  Eat: Chunk             |     3 |     5 |    11 |    17 |    27 |    14 |    20 |    12 |    48 ||   157
       Ration            |       |       |       |     2 |     4 |     6 |     8 |     4 |    42 ||    66
Armor: Scale mail        |    71 |    13 |       |       |       |       |       |       |       ||    84
       Chain mail        |       |    69 |   143 |       |       |       |       |       |       ||   212
       Plate armour      |       |       |    23 |   354 |   556 |  1200 |   750 |   646 |       ||  3529
       Crystal plate arm |       |       |       |       |       |       |       |    71 |  3256 ||  3327
Dodge: Dodged            |    38 |    34 |    71 |    99 |   176 |   303 |   257 |   349 |  2338 ||  3665
       Deflected         |       |       |       |       |       |       |       |    26 |       ||    26
Block: Shield            |    81 |    76 |   156 |   327 |   361 |       |       |       |       ||  1001
       Large shield      |       |       |       |       |   718 |  2239 |  1911 |  1727 | 11763 || 18358
       Rpst.: Demon whip |       |       |       |       |       |       |       |     1 |   167 ||   168
       Eveningstar       |       |       |       |       |       |       |       |       |   188 ||   188
       Hand crossbow     |       |       |       |       |       |       |       |       |     1 ||     1
